 Dungeon Crawl Stone Soup version 0.23.2-40-g277498a001 (webtiles) character file.

Game seed: 2208515577850124875

182 Exodus22XD the Magician (level 5, -5/28 HPs)
             Began as a Deep Elf Wizard on Sept 20, 2019.
             Slain by an orc
             ... wielding a +0 trident
              (8 damage)
             ... on level 3 of the Dungeon.
             The game lasted 00:06:15 (2498 turns).

Exodus22XD the Magician (Deep Elf Wizard)           Turns: 2498, Time: 00:06:16

Health: -5/28      AC:  2    Str:  4    XL:     5   Next: 35%
Magic:  13/13      EV: 13    Int: 24    God:
Gold:   105        SH:  0    Dex: 13    Spells: 1/12 levels left

rFire    . . .     SeeInvis .   l - +2 short sword (speed)
rCold    . . .     Gourm    .   (no shield)
rNeg     . . .     Faith    .   a - +0 robe
rPois    .         Spirit   .   b - +0 hat
rElec    .         Reflect  .   (no cloak)
rCorr    .         Harm     .   (no gloves)
MR       .....                  (no boots)
Stlth    +.........             (no amulet)
HPRegen  0.09/turn              (no ring)
MPRegen  0.13/turn              (no ring)

@: confused, lethally poisoned (-5 -> -23)
A: no striking features
a: no special abilities


You were on level 3 of the Dungeon.
You were hungry.

You visited 1 branch of the dungeon, and saw 3 of its levels.

You collected 105 gold pieces.

Inventory:

Hand Weapons
 l - a +2 short sword of speed (weapon)
Armour
 a - a +0 robe (worn)
 b - a +0 hat (worn)
Jewellery
 f - an uncursed ring of stealth {unknown}
 g - an uncursed ring of resist corrosion {unknown}
 k - an uncursed ring of protection from magic {unknown}
 p - an uncursed amulet of harm {unknown}
Scrolls
 c - 5 scrolls of identify {unknown}
 e - a scroll of amnesia {unknown}
 i - a scroll of remove curse {unknown}
 n - 3 scrolls of blinking {unknown}
 o - 2 scrolls of teleportation {unknown}
Potions
 h - a potion of ambrosia
 j - a potion of flight {unknown}
 q - a potion of haste {unknown}
Comestibles
 d - 5 rations


   Skills:
 - Level 2.4 Dodging
 - Level 2.4 Stealth
 - Level 4.4 Spellcasting
 - Level 4.4 Conjurations
 * Level 3.8 Summonings
 - Level 1.1 Translocations


You had one spell level left.
You knew the following spells:

 Your Spells              Type           Power        Failure   Level  Hunger
a - Magic Dart            Conj           ####         1%          1    None
b - Call Imp              Summ           ###.....     3%          2    None
c - Blink                 Tloc           N/A          9%          2    None
d - Conjure Flame         Conj/Fire      ###.....     12%         3    ##.....
e - Mephitic Cloud        Conj/Pois/Air  ##......     16%         3    ##.....

Your spell library contained the following spells:

 Spells                   Type           Power        Failure   Level  Hunger
 Slow                     Hex            #.......     14%         2    None


Dungeon Overview and Level Annotations

Branches:
Dungeon (3/15)

Altars:
Ru


Message History

You feel invigorated.
You feel sick. The orc priest hits you with a +0 mace!
* * * LOW HITPOINT WARNING * * *
The adder completely misses you. The orc barely misses you. The orc misses you.
The adder closely misses you. The orc hits you.
* * * LOW HITPOINT WARNING * * *
The orc closely misses you. x2
You feel sick. The adder closely misses you. The orc barely misses you.
The orc hits you.
* * * LOW HITPOINT WARNING * * *
The orc hits you with a +2 short sword of venom.
* * * LOW HITPOINT WARNING * * *
You are more poisoned.
The orc hits you.
* * * LOW HITPOINT WARNING * * *
* * * LOW HITPOINT WARNING * * *
You feel sick. The adder bites you.
* * * LOW HITPOINT WARNING * * *
The orc priest closely misses you.
The orc hits you from afar with a +0 trident!
You die...

##.. ... ... ##
.. #.. #. #
...#.#####.##
#...#.So.......
......o@...#
.#†?.ooo...#
.........$.#
.#.........#
#..)....?.#
##...######
.>.. .##..


You could see an orc priest (confused), an adder and 4 orcs.

Vanquished Creatures
  2 orc wizards
  3 adders (D:2)
  An ooze (D:1)
  2 worms (D:2)
  4 dart slugs
  2 leopard geckos (D:1)
  2 orcs (D:2)
  2 ball pythons
  2 giant cockroaches
  9 hobgoblins
  14 jackals
  4 bats
  3 frilled lizards (D:1)
  11 goblins
  6 kobolds
  6 rats
73 creatures vanquished.

Notes
Turn   | Place    | Note
-------+----------+-------------------------------------------
     0 | D:1      | Exodus22XD the Deep Elf Wizard began the quest for the Orb.
     0 | D:1      | Reached XP level 1. HP: 10/10 MP: 7/7
     8 | D:1      | Noticed a black bear
     8 | D:1      | Noticed a four-headed hydra
     8 | D:1      | Noticed a crocodile
     8 | D:1      | Noticed a redback
     8 | D:1      | Noticed a wolf
   232 | D:1      | Reached XP level 2. HP: 15/15 MP: 1/9
   671 | D:1      | Reached XP level 3. HP: 19/19 MP: 3/10
  1565 | D:2      | Found a sacrificial altar of Ru.
  1708 | D:2      | Reached XP level 4. HP: 24/24 MP: 8/12
  1722 | D:2      | Learned a level 2 spell: Call Imp
  1725 | D:2      | Learned a level 2 spell: Blink
  1729 | D:2      | Learned a level 3 spell: Conjure Flame
  1733 | D:2      | Learned a level 3 spell: Mephitic Cloud
  1997 | D:2      | Reached XP level 5. HP: 21/28 MP: 0/13
  2497 | D:3      | HP: 1/28 [orc (4)]
  2498 | D:3      | Slain by an orc

Skill      XL: |  1  2  3  4 |
---------------+-------------+-----
Conjurations   | 2 3 4 |  4.4
Summonings     | 3 |  3.8
Dodging        | |  2.4
Stealth        | |  2.4
Spellcasting   | |  4.4
Translocations | |  1.1

Action                   |  1- 3 |  4- 6 || total
-------------------------+-------+-------++-------
Melee: Short sword       |     4 |     2 ||     6
 Cast: Magic Dart        |   112 |    60 ||   172
       Mephitic Cloud    |       |     1 ||     1
  Use: Potion            |       |     1 ||     1
  Eat: Chunk             |     2 |     2 ||     4
Armor: Robe              |    11 |     1 ||    12
Dodge: Dodged            |    36 |    30 ||    66
